 Dungeon Crawl Stone Soup version 0.28-a0-653-g7e9dba17c3 (webtiles) character file.

Game seed: 13950381611453733980

26 Gargoyl the Skirmisher (level 3, 0/35 HPs)
             Began as a Gnoll Abyssal Knight on Oct 12, 2021.
             Was a Follower of Lugonu.
             Slain by a wyvern skeleton (4 damage)
             ... on level 3 of the Dungeon.
             The game lasted 00:02:00 (925 turns).

Gargoyl the Skirmisher (Gnoll Abyssal Knight)        Turns: 925, Time: 00:02:01

Health: 0/35       AC:  5    Str: 13    XL:     3   Next: 8%
Magic:  6/6        EV: 12    Int:  9    God:    Lugonu [*.....]
Gold:   78         SH:  0    Dex: 12    Spells: 3/3 levels left

rFire   . . .      SeeInvis .   a - +1 hand axe
rCold   . . .      Faith    .   (no shield)
rNeg    . . .      Spirit   .   b - +0 leather armour
rPois   .          Reflect  .   c - +2 hat
rElec   .          Harm     .   (no cloak)
rCorr   .          Rampage  .   (no gloves)
Will    .....                   (no boots)
Stlth   +.........              (no amulet)
HPRegen 0.11/turn               (no ring)
MPRegen 0.10/turn               (no ring)

@: no status effects
A: fangs 1, strong nose, distributed training
a: Renounce Religion, Depart the Abyss


You were on level 3 of the Dungeon.
You worshipped Lugonu.
Lugonu was aware of your devotion.
You visited 1 branch of the dungeon, and saw 3 of its levels.
You visited the Abyss 1 time.

You collected 78 gold pieces.

Inventory:

Hand Weapons
 a - a +1 hand axe (weapon)
Armour
 b - a +0 leather armour (worn)
 c - a +2 hat (worn)
 e - a +0 helmet
Wands
 d - a wand of iceblast (12)
Potions
 g - a potion of flight
 h - 2 potions of degeneration {unknown}


   Skills:
 + Level 6.5 Fighting
 + Level 0.6 Short Blades
 + Level 0.6 Long Blades
 + Level 4.5 Axes
 + Level 0.6 Maces & Flails
 + Level 0.6 Polearms
 + Level 0.6 Staves
 + Level 0.6 Slings
 + Level 0.6 Bows
 + Level 0.6 Crossbows
 + Level 0.6 Throwing
 + Level 4.5 Armour
 + Level 2.5 Dodging
 + Level 0.6 Stealth
 + Level 0.6 Shields
 + Level 0.6 Unarmed Combat
 + Level 0.6 Spellcasting
 + Level 0.4 Conjurations
 + Level 0.4 Hexes
 + Level 0.4 Summonings
 + Level 0.4 Necromancy
 + Level 0.4 Translocations
 + Level 0.4 Transmutations
 + Level 0.4 Fire Magic
 + Level 0.4 Ice Magic
 + Level 0.4 Air Magic
 + Level 0.4 Earth Magic
 + Level 0.4 Poison Magic
 + Level 4.5 Invocations
 + Level 0.6 Evocations


You had 3 spell levels left.
You didn't know any spells.
Your spell library was empty.

Dungeon Overview and Level Annotations

Branches:
Dungeon (3/15)

Altars:

Annotations:
D:2 Sigmund


Innate Abilities, Weirdness & Mutations

You have very sharp teeth.
Your uncanny sense of smell can sniff out nearby items.
Your experience applies equally to all skills.


Message History

Unknown command.
You hit the jackal.
You kill the jackal!
Lugonu accepts your kill.
The kobold throws a stone.
The stone hits you.
Unknown command.
The kobold barely misses you.
Things that are here:
a jackal corpse; a jackal corpse; a jackal corpse You hit the kobold.
You kill the kobold!
Lugonu accepts your kill.
Unknown command.
Things that are here:
a +0 club; 4 stones; a kobold corpse Unknown command.
Unknown command.
A wyvern skeleton is nearby!
A wyvern skeleton is nearby!
You catch the helpless wyvern skeleton completely off-guard!
You hit the wyvern skeleton.
The wyvern skeleton is lightly damaged.
The wyvern skeleton barely misses you.
You barely miss the wyvern skeleton.
The wyvern skeleton is lightly damaged.
The wyvern skeleton bites you!
You hit the wyvern skeleton but do no damage.
You bite the wyvern skeleton, but do no damage.
The wyvern skeleton is lightly damaged.
The wyvern skeleton barely misses you. The wyvern skeleton bites you!
* * * LOW HITPOINT WARNING * * *
You hit the wyvern skeleton.
The wyvern skeleton is lightly damaged.
The wyvern skeleton bites you.
* * * LOW HITPOINT WARNING * * *
You hit the wyvern skeleton.
You bite the wyvern skeleton, but do no damage.
The wyvern skeleton is lightly damaged.
The wyvern skeleton closely misses you. The wyvern skeleton bites you.
You die...

####............#
.....##########.#
###### #†# #)#
####.####
#.......#
#.##.##.#
##.##.##.#####
#.....@Z.....#
#..##.##.###.. #.
.... .. .........
## ##..###.#.# #.
#.#.. ∆ # #.....
### ###


You could see a wyvern skeleton.

Vanquished Creatures
  A dart slug (D:1)
  2 goblins (D:1)
  3 hobgoblins (D:1)
  7 jackals
  3 kobolds
  A quokka (D:1)
  2 ball pythons (D:2)
  2 rats (D:1)
21 creatures vanquished.

Notes
Turn   | Place    | Note
-------+----------+-------------------------------------------
     0 | Abyss:1  | Gargoyl the Gnoll Abyssal Knight began the quest for the
                  | Orb.
     0 | Abyss:1  | Reached XP level 1. HP: 23/23 MP: 3/3
    41 | Abyss:3  | Noticed a thrashing horror
    41 | Abyss:3  | Noticed a thrashing horror
    43 | Abyss:3  | Noticed a thrashing horror
    44 | D:1      | Escaped the Abyss
   320 | D:1      | Reached XP level 2. HP: 25/29 MP: 5/5
   337 | D:1      | Reached * piety under Lugonu
   591 | D:1      | Found a faded altar of an unknown god.
   732 | D:2      | Noticed Sigmund
   905 | D:3      | Reached XP level 3. HP: 34/35 MP: 6/6
   925 | D:3      | Slain by a wyvern skeleton

Illustrated notes

Levels and vault maps discovered:
D:1:      dpeg_arrival_short_road, layout_rooms,
          shapermc_ecumenical_altar_pompeii
D:2:      layout_loops_corners, basic_altar, serial_shops,
          nicolae_shop_waterfront, shop, shop, minmay_misc_feat_plants,
          uniq_robin, uniq_crazy_yiuf_cottage, uniq_sigmund
D:3:      layout_loops_ring, uniq_grinder, uniq_terence

Action                   || total
-------------------------++-------
Melee: Hand axe          ||    57
       Bite              ||     9
Invok: Depart the Abyss  ||     1
  Use: Scroll            ||     4
 Stab: Distracted        ||     1
Armor: Leather armour    ||    21
Dodge: Dodged            ||    37

Table legend: (Time is in decaauts)
 A = Elapsed time spent in this place.
 B = Non-inter-level travel time spent in this place.
 C = Inter-level travel time spent in this place.
 D = Time resting spent in this place.
 E = Time spent auto-exploring this place.
 F = Levels seen in this place.
 G = Mean time per level.
                   A        B        C        D        E       F      G
               +--------+--------+--------+--------+--------+-----+--------+
         Total |    927 |    916 |     11 |     38 |    663 |   6 |  154.5 |
       Dungeon |    884 |    873 |     11 |     38 |    647 |   3 |  294.7 |
         Abyss |     43 |     43 |      0 |      0 |     16 |   3 |   14.3 |
               +--------+--------+--------+--------+--------+-----+--------+

Top non-repeatable levels by time:
     D:1: 619 daAuts
     D:3: 174 daAuts
     D:2: 90 daAuts
 Abyss:3: 24 daAuts
 Abyss:2: 11 daAuts
 Abyss:1: 7 daAuts
